 Dungeon Crawl Stone Soup version 0.30.0-29-ga12c61a403 (webtiles) character file.

Game seed: 6767931220080747963

1078 H0rd4k the Poker (level 8, -1/58 HPs)
             Began as a Human Artificer on June 12, 2023.
             Slain by Edmund
             ... wielding a +5 flail of protection
              (9 damage)
             ... on level 6 of the Dungeon.
             The game lasted 00:05:19 (4630 turns).

H0rd4k the Poker (Human Artificer)                  Turns: 4630, Time: 00:05:19

Health: -1/58      AC:  3    Str: 15    XL:     8   Next: 54%
Magic:  0/20       EV: 12    Int: 19    God:
Gold:   501        SH:  0    Dex: 14    Spells: 11/11 levels left

rFire   + . .        l - +9 spear of Uluschef {chaos, MP+9 Str+2 Int+6}
rCold   . . .        (no shield)
rNeg    . . .        b - +0 leather armour
rPois   .            (no helmet)
rElec   .            (no cloak)
rCorr   .            (no gloves)
SInv    .            (no boots)
Will    .....        j - amulet of guardian spirit
Stlth   ++           v - ring of protection from fire
HPRegen 0.29/turn    (no ring)
MPRegen 0.17/turn

%: guardian spirit
@: no status effects
A: no striking features
a: no special abilities


You were on level 6 of the Dungeon.
You visited 1 branch of the dungeon, and saw 6 of its levels.
You also visited: Ossuary.

You collected 501 gold pieces.

Inventory:

Hand Weapons
 l - the +9 spear of Uluschef (weapon) {chaos, MP+9 Str+2 Int+6}
   (You found it on level 2 of the Dungeon)

   Str:       It affects your strength (+2).
   Int:       It affects your intelligence (+6).
   MP:        It affects your magic capacity (+9).
 r - a +2 vampiric trident
Missiles
 f - 9 poisoned darts
Armour
 b - a +0 leather armour (worn)
Magical Staves
 k - a staff of air
Jewellery
 j - an amulet of guardian spirit (around neck)
 v - a ring of protection from fire (left hand)
Wands
 c - a wand of flame (27) (quivered)
 d - a wand of charming (3)
 e - a wand of iceblast (5)
 y - a wand of roots (7)
 A - a wand of light (4)
Scrolls
 a - 2 scrolls of vulnerability {unknown}
 i - 5 scrolls of identify {unknown}
 o - 2 scrolls of enchant weapon {unknown}
 p - 4 scrolls of teleportation {unknown}
 q - a scroll of blinking {unknown}
 t - 2 scrolls of poison {unknown}
 u - a scroll of fog {unknown}
 C - a scroll of magic mapping {unknown}
Potions
 g - 5 potions of curing
 h - 5 potions of haste {unknown}
 m - 2 potions of flight {unknown}
 n - a potion of attraction {unknown}
 s - a potion of heal wounds {unknown}
 w - a potion of mutation {unknown}
 x - a potion of resistance {unknown}
 z - 5 potions of degeneration {unknown}
 B - 4 potions of brilliance {unknown}
 D - a potion of ambrosia {unknown}


   Skills:
 + Level 3.3 Fighting
 - Level 2.2 Maces & Flails
 + Level 5.0 Polearms
 - Level 2.0 Armour
 + Level 3.3 Dodging
 + Level 4.3 Stealth
 * Level 2.1 Spellcasting
 + Level 4.2 Evocations


You had 11 spell levels left.
You didn't know any spells.
Your spell library contained the following spells:

 Spells                   Type           Power      Damage    Failure   Level
 Apportation              Tloc           4%         N/A       21%         1
 Necrotise                Necr           8%         1d4       21%         1
 Summon Small Mammal      Summ           8%         N/A       21%         1
 Blink                    Tloc           4%         N/A       30%         2
 Ensorcelled Hibernation  Hex/Ice        4%         N/A       30%         2
 Lesser Beckoning         Tloc           4%         N/A       30%         2
 Momentum Strike          Conj/Tloc      4%         3d8       30%         2
 Passwall                 Tmut/Erth      1%         N/A       30%         2
 Sublimation of Blood     Necr           2%         N/A       30%         2
 Dazzling Flash           Conj/Hex       4%         N/A       52%         3
 Swiftness                Air            2%         N/A       52%         3
 Petrify                  Tmut/Erth      2%         N/A       90%         4
 Agony                    Necr           2%         N/A       99%         5
 Irradiate                Conj/Tmut      1%         3d12      99%         5
 Silence                  Hex/Air        1%         N/A       99%         5


Dungeon Overview and Level Annotations

Branches:
Dungeon (6/15)             Temple (0/1) D:5         Ossuary (visited)

Altars:
Trog

Annotations:
D:2 exclusions: downstairs and 1 more exclusion
D:6 Edmund


Message History

You closely miss Edmund.
Edmund is moderately wounded.
You closely miss Edmund.
Edmund is moderately wounded.
Edmund hits you with a +5 flail of protection.
You hit Edmund but do no damage.
Edmund is moderately wounded.
Edmund hits you with a +5 flail of protection!
You hit Edmund but do no damage.
Edmund is moderately wounded.
Edmund barely misses you.
You hit Edmund but do no damage.
Edmund is poisoned.
Edmund is moderately wounded.
Edmund hits you with a +5 flail of protection.
You hit Edmund.
Edmund goes berserk!
Edmund is heavily wounded.
Edmund hits you with a +5 flail of protection!
You hit Edmund but do no damage.
Edmund is heavily wounded.
Edmund hits you with a +5 flail of protection!
* * * LOW HITPOINT WARNING * * *
Unknown command.
Aiming: Charm
Press: ? - help, Shift-Dir - straight line, f - Edmund
Aim: Edmund, wielding a +5 flail of protection and wearing a +0 chain mail (heavily wounded, berserk, very poisoned, chance to affect: 59%) Edmund resists with significant effort.
Edmund hits you with a +5 flail of protection!
* * * LOW HITPOINT WARNING * * *
Edmund barely misses you.
Unknown command.
Okay, then.
Aiming: Charm
Press: ? - help, Shift-Dir - straight line, f/p - Edmund
Aim: Edmund, wielding a +5 flail of protection and wearing a +0 chain mail (heavily wounded, berserk, very poisoned, chance to affect: 59%) Edmund resists with significant effort.
Edmund hits you with a +5 flail of protection!
* * * LOW HITPOINT WARNING * * *
You feel better.
Edmund hits you with a +5 flail of protection!
You die...

#.###..#####...#........#
#.##..............##.####
#.#..#.#####...##.#
#...##.# ##.##...#
##..###.# #....#...
##..##.'.# ..##. .###
#######..#.###.#
.#####(##
........##..##.####.####
#
##.##..###...#..@@....$.
#...## +.....####.###.
...#.. #...#.# #...##
#.?##.# ##.# #.###.# #.
..## +.. # ... #.. ##..
#.## ... #.#


You could see Edmund (berserk, poisoned).

Vanquished Creatures
  A black bear (D:4)
  2 ogres (D:5)
  A phantom (D:5)
  2 hounds
  A jelly (D:5)
  An orc priest (D:5)
  Crazy Yiuf (D:4)
  Ijyb (D:4)
  3 orc wizards
  9 mummies
  Robin (D:2)
  9 gnolls
  7 adders
  A shadow imp (D:5)
  A white imp (D:5)
  A worm (D:4)
  2 dart slugs
  11 orcs
  6 bats
  9 endoplasms
  3 giant cockroaches
  11 hobgoblins
  10 jackals (D:2)
  2 quokkas (D:2)
  5 ball pythons
  2 frilled lizards
  3 gnoll zombies (Ossuary)
  24 goblins
  3 hobgoblin zombies (Ossuary)
  11 kobolds
  2 kobold zombies (Ossuary)
  8 rats
154 creatures vanquished.

Vanquished Creatures (collateral kills)
  Dowan (D:5)
1 creature vanquished.

Vanquished Creatures (others)
  Duvessa (D:5)
  An orc wizard (D:4)
  A kobold zombie (D:2)
3 creatures vanquished.

Grand Total: 158 creatures vanquished

Notes
Turn   | Place    | Note
-------+----------+-------------------------------------------
     0 | D:1      | H0rd4k the Human Artificer began the quest for the Orb.
     0 | D:1      | Reached XP level 1. HP: 15/15 MP: 1/1
    51 | D:1      | Reached XP level 2. HP: 18/21 MP: 2/2
   255 | D:1      | Reached XP level 3. HP: 23/26 MP: 3/3
   682 | D:1      | Reached skill level 1 in Maces & Flails
   886 | D:2      | Identified the +9 spear of Uluschef {chaos, MP+9 Str+2
                  | Int+6}
   999 | D:2      | Reached XP level 4. HP: 32/32 MP: 4/4
  1309 | D:2      | Noticed Robin
  1317 | D:2      | Killed Robin
  1359 | D:2      | Reached XP level 5. HP: 37/37 MP: 5/5
  1433 | D:2      | Reached skill level 1 in Polearms
  2043 | D:3      | Found a bloodstained altar of Trog.
  2210 | D:3      | Reached skill level 2 in Polearms
  2211 | D:3      | Reached XP level 6. HP: 27/44 MP: 6/6
  2318 | D:3      | Found a faded altar of an unknown god.
  2416 | D:3      | Noticed an ogre
  2663 | D:4      | Noticed Ijyb
  2676 | D:4      | Killed Ijyb
  2764 | D:4      | Noticed a black bear
  2769 | D:4      | Killed a black bear
  2770 | D:4      | Reached skill level 3 in Polearms
  2770 | D:4      | Reached XP level 7. HP: 49/50 MP: 7/7
  3028 | D:4      | Found a runed translucent door.
  3029 | D:4      | Noticed Crazy Yiuf
  3123 | D:4      | Killed Crazy Yiuf
  3210 | D:5      | Entered Level 5 of the Dungeon
  3240 | D:5      | Noticed Duvessa
  3244 | D:5      | Noticed Dowan
  3260 | D:5      | Killed Dowan
  3261 | D:5      | Your ally Duvessa died
  3399 | D:5      | Reached skill level 4 in Polearms
  3399 | D:5      | Reached skill level 1 in Spellcasting
  3646 | D:5      | Reached XP level 8. HP: 56/58 MP: 10/10
  3693 | D:5      | Found a staircase to the Ecumenical Temple.
  4154 | D:6      | Noticed Edmund
  4170 | D:6      | Found a sand-covered staircase.
  4176 | Ossuary  | Entered an ossuary
  4427 | Ossuary  | Reached skill level 5 in Polearms
  4629 | D:6      | HP: 2/58 [Edmund/+5 flail of protection (6)]
  4630 | D:6      | Slain by Edmund

Illustrated notes

Levels and vault maps discovered:
D:1:      lightli_arrival_chessboard, layout_loops_ring
D:2:      minmay_diamond_boxcup, layout_basic, item_on_display_a, uniq_robin
D:3:      layout_rooms, trog_book, shapermc_ecumenical_altar_acropolis,
          minmay_ogre_servants
D:4:      layout_cave_pools, minmay_a_box_with_orc_wizards_in_it, uniq_ijyb,
          uniq_crazy_yiuf_cottage
D:5:      layout_basic, minmay_temple_entry_crystal_x, uniq_duvessa
D:6:      layout_loops_ring, nicolae_ossuary_entry_giza, uniq_edmund,
          uniq_menkaure

Skill      XL: |  1  2  3  4  5  6  7  8 |
---------------+-------------------------+-----
Evocations     | 4 |  4.2
Maces & Flails | 1 2 |  2.2
Polearms       | 2 3 4 5 |  5.0
Stealth        | 2 3 4 |  4.3
Fighting       | 2 3 |  3.3
Dodging        | 2 3 |  3.3
Spellcasting   | 1 2 |  2.1
Armour         | |  2.0

Action                     |  1- 3 |  4- 6 |  7- 9 || total
---------------------------+-------+-------+-------++-------
  Melee: Club              |    65 |       |       ||    65
         Spear             |     8 |   173 |   138 ||   319
         Whip              |     7 |       |       ||     7
         Punch             |     1 |       |       ||     1
  Evoke: Wand              |     2 |       |    12 ||    14
    Use: Potion            |       |       |     1 ||     1
   Stab: Sleeping          |       |    13 |     4 ||    17
         Distracted        |       |     1 |       ||     1
         Paralysed         |       |     2 |     2 ||     4
 Armour: Leather armour    |    21 |    17 |    19 ||    57
  Dodge: Dodged            |    47 |    82 |    54 ||   183
